 Dungeon Crawl Stone Soup version 0.02-32-ge3bdf778cf (webtiles) character file.

Game seed: 6387623221650816049, levelgen mode: deterministic

256 minicreteconcrete the Twirler (level 6, 0/39 HPs) Gargoyle Berserker. Began on Sept 11, 2020. Was a Believer of Trog. Slain by a cinder newt (4 damage) ... on level 1 of the Dungeon. The game lasted 00:03:21 (1206 turns).

minicreteconcrete the Twirler (Gargoyle Berserker)  Turns: 1206, Time: 00:03:22

Health: 0/39       AC:  6    Str: 23    XL:     6 ^: 250
Magic:  6/6        EV: 12    Int:  7    God:    Trog [2* [59]]
Gold:   34         SH:  0    Dex:  9    Spells: 5/5 levels left

rFire    . . .     Vision   .   j - -2 dire flail (crush)
rCold    . . .     Gourm    .   (also wielding the above weapon)
rNeg     + . .     Faith    .   b - +0 animal skin
rPois    ∞         Spirit   .   (no helmet)
rElec    +         Reflect  .   (no cloak)
rCorr    .         Harm     .   (no gloves)
MR       .....     Rnd*Rage +   (no boots)
Stlth    +.........             (no amulet)
HPRegen  0.23/turn              (no ring)
MPRegen  0.16/turn              (no ring)

@: berserk cooldown
A: negative energy resistance 1, electricity resistance, unbreathing,
petrification resistance, rot immunity, AC +4
a: Berserk, Trog's Hand, Renounce Religion


You were on level 1 of the Dungeon.
You worshipped Trog.
Trog was pleased with you.
You were hungry.

You visited 1 branch of the dungeon, and saw 2 of its levels.

You collected 58 gold pieces.
You spent 24 gold pieces at shops.

Inventory:

Weapons
 a - a +0 mace
 j - a -2 dire flail of crushing (weapon)
Armour
 b - a +0 animal skin (worn)
 d - a cursed +0 helmet {(Curse: -Vis rF-)}
Jewellery
 i - an uncursed amulet of the gourmand
Scrolls
 e - 4 scrolls of teleportation
 f - a scroll of magic mapping
 k - a scroll of fog
Comestibles
 c - 5 rations
 h - 3 chunks of flesh


   Skills:
 + Level 4.3 Fighting
 + Level 2.2(3.7) Whips & Flails
 + Level 4.7(5.0) Maces & Staves
 + Level 2.3 Armour
 + Level 2.4 Dodging
 + Level 1.0 Stealth
 + Level 0.8 Unarmed Combat


You had 5 spell levels left.
You didn't know any spells.
Your spell library was empty.

Dungeon Overview and Level Annotations

Branches:
Dungeon (2/8)

Altars:

Shops:
D:2 *


Innate Abilities, Weirdness & Mutations

You are resistant to torment.
Your stone body is resilient. (AC +4)
You are immune to poison.
You resist negative energy. (rN+)
You are resistant to electric shocks. (rElec)
You can survive without breathing.
You are immune to petrification.
You are immune to rotting.
You frequently lose your temper in combat.
This godly rage surpasses even clarity. (*Rage)


Message History

The cinder newt closely misses you (0). The cinder newt blocks your attack.
The cinder newt bites you (1). The cinder newt burns you!
* * * LOW HITPOINT WARNING * * *
The cinder newt bites you (1).
* * * LOW HITPOINT WARNING * * *
The cinder newt burns you!
* * * LOW HITPOINT WARNING * * *
Okay, then.
Your magical effects are unravelling.
You feel magically purged.
You feel yourself speed up. The cinder newt closely misses you (0).
The cinder newt barely misses you (0). The cinder newt bites you (0).
The cinder newt burns you!
* * * LOW HITPOINT WARNING * * *
The cinder newt closely misses you (0).
You barely miss the cinder newt. The cinder newt bites you (1).
* * * LOW HITPOINT WARNING * * *
The cinder newt burns you!
You die...

#.# #.........#†###.#
#.... #.# #......†..#.#
#.# #.... #.#
#...........###.######....
#.#
###...††.............#.)..
#.#
#.......######.......#####
#)# #.......# #.......#
#.# #.......# #.......#
### #.# #.......####
#......## #..
#.###........@.#
#......####..
#...†.......ll.#
#............
#####..........#
#............ #..........#
#####........ #..........#
#######.. #..........# #..
#..........# ###..
#.....#....# #....
#.....#....# #....


You could see 2 cinder newts.

Vanquished Creatures
  A big kobold (D:2)
  A bullfrog (D:2)
  A jelly (D:2)
  3 sewer rats (D:2)
  3 cinder newts (D:1)
  3 oozes
  A dart slug (D:1)
  An adder skeleton (D:2)
  3 giant cockroaches
  4 goblins (D:1)
  4 hobgoblins (D:1)
  7 kobolds
  3 ball pythons
  4 bats (D:1)
  4 rats (D:1)
43 creatures vanquished.

Vanquished Creatures (others)
  11 sewer rats (D:2)
  An ooze (D:2)
  A ball python (D:2)
  A giant blowfly (D:2)
  93 withered plants (D:2)
107 creatures vanquished.

Grand Total: 150 creatures vanquished

Notes
Turn   | Place    | Note
-------+----------+-------------------------------------------
     0 | D:1      | minicreteconcrete the Gargoyle Berserker began the quest
                  | for the Orb.
     0 | D:1      | Reached XP level 1. HP: 14/14 MP: 1/1
    43 | D:1      | Reached XP level 2. HP: 6/19 MP: 2/2
   165 | D:1      | Reached XP level 3. HP: 23/23 MP: 3/3
   809 | D:1      | Received a gift from Trog
   847 | D:1      | Reached ** piety under Trog
  1002 | D:2      | Reached XP level 4. HP: 29/29 MP: 4/4
  1028 | D:2      | Found Waupt's General Store.
  1034 | D:2      | Noticed a bullfrog
  1040 | D:2      | Killed a bullfrog
  1040 | D:2      | Reached skill level 1 in Whips & Flails
  1040 | D:2      | Reached XP level 5. HP: 29/33 MP: 5/5
  1046 | D:2      | Bought a scroll of fog for 24 gold pieces
  1079 | D:2      | Reached XP level 6. HP: 39/39 MP: 6/6
  1170 | D:2      | Reached skill level 1 in Stealth
  1206 | D:1      | Slain by a cinder newt

Levels and vault maps discovered:
D:1:      eino_arrival_water_star, layout_basic
D:2:      layout_sewer, first_ration, serial_shops, shop, uniq_purgy,
          uniq_natasha, uniq_menkaure

Skill      XL: |  1  2  3  4  5  6 |
---------------+-------------------+-----
Maces & Staves | 4 |  4.7
Fighting       | 4 |  4.3
Whips & Flails | 1 2 |  2.2
Dodging        | 2 |  2.4
Stealth        | 1 |  1.0
Armour         | |  2.3
Unarmed Combat | |  0.8

Action                   |  1- 3 |  4- 6 || total
-------------------------+-------+-------++-------
Melee: Mace              |    55 |       ||    55
       Unarmed           |    33 |       ||    33
       Dire flail        |     6 |    65 ||    71
Invok: Berserk           |     2 |     1 ||     3
  Use: Potion            |       |     1 ||     1
 Stab: Sleeping          |     1 |       ||     1
  Eat: Chunk             |     2 |     1 ||     3
Armor: Animal skin       |    21 |    45 ||    66
Dodge: Dodged            |    61 |   112 ||   173
